AoeStats
← Atlans

Arena

510057650Analyzed
1v1 RM · 2d ago on Sep 29, 2026· 45m 9s· 2 players
Game mode
Random Map
Map size
Tiny (2 player)
Population
200
Speed
Normal
Resources
Standard
Victory
Conquest
Starting age
Dark Age
Ending age
Imperial Age
RankedLock teamsTeams togetherTeam positionsShared explorationLock speedFull tech treeHidden civsTurbo modeCheats
Victory
Defeat
🇲🇦 Portuguese · Morocco
590
+17
🇫🇷 Franks · France
619
-17
Tonpa-HxH
6:37 Loom
10:39 Feudal Age
10:59 Horse Collar
11:14 Double-Bit Axe
18:09 Castle Age
16:36 Stone Mining
16:38 Gold Mining
18:15 Wheelbarrow
17:28 Town Watch
20:30 Heavy Plow
20:42 Bow Saw
23:36 Stone Shaft Mining
32:08 Imperial Age
29:56 Hand Cart
30:28 Scale Barding Armor
30:34 Forging
30:35 Murder Holes
30:22 Treadmill Crane
31:02 Ballistics
31:26 Chain Barding Armor
31:13 Husbandry
31:24 Bloodlines
32:08 Town Patrol
32:33 Bloodlines
33:16 Iron Casting
33:23 Guilds
34:21 Conscription
35:33 Chemistry
34:12 Cavalier
36:06 Plate Barding Armor
36:32 Blast Furnace
37:32 Arquebus
40:18 Elite Organ Gun
Atlans
4:36 Loom
13:13 Feudal Age
17:44 Castle Age
16:23 Double-Bit Axe
19:03 Wheelbarrow
18:47 Bow Saw
20:20 Forging
22:26 Fletching
22:55 Town Watch
25:29 Gold Mining
27:50 Iron Casting
27:51 Treadmill Crane
28:39 Hand Cart
28:45 Scale Barding Armor
29:21 Stone Mining
30:07 Gold Shaft Mining
29:41 Husbandry
30:45 Bodkin Arrow
32:49 Masonry
38:08 Imperial Age
36:11 Ballistics
36:56 Town Patrol
37:21 Chain Barding Armor
39:41 Architecture
38:37 Cavalier
41:50 Blast Furnace
42:05 Plate Barding Armor
44:27 Hoardings
Connection lost

Rejoining the realm…

Still unreachable

The connection could not be restored.

Session expired

The server has moved on; the page needs a fresh start.